 Dungeon Crawl Stone Soup version 0.29.1-2-gbd0b4ee654 (webtiles) character file.

Game seed: 11928319010174023884

275 LustLizard the Shooter (level 6, -15/47 HPs)
             Began as a Barachi Hunter on Nov 8, 2022.
             Demolished by an ogre
             ... wielding a +0 giant spiked club
              (17 damage)
             ... on level 5 of the Dungeon.
             The game lasted 00:07:50 (4087 turns).

LustLizard the Shooter (Barachi Hunter)             Turns: 4087, Time: 00:07:51

Health: -15/47     AC: 10    Str: 18    XL:     6   Next: 25%
Magic:  7/7        EV:  8    Int: 10    God:
Gold:   148        SH:  0    Dex: 17    Spells: 5/7 levels left

rFire   . . .      SeeInvis .   a - +0 shortbow
rCold   . . .      Faith    .   (shield currently unavailable)
rNeg    . . .      Spirit   .   k - +0 chain mail
rPois   .          Reflect  .   x - +1 helmet
rElec   .          Harm     .   (no cloak)
rCorr   .          Rampage  .   (no gloves)
Will    .....                   (no boots)
Stlth   ..........              (no amulet)
HPRegen 0.15/turn               o - +6 ring of strength
MPRegen 0.10/turn               (no ring)

@: studying Maces & Flails, slow
A: amphibious, slowness 1, strong legs 1, +LOS
a: Hop


You were on level 5 of the Dungeon.
You visited 1 branch of the dungeon, and saw 5 of its levels.

You collected 190 gold pieces.
You spent 42 gold pieces at shops.

Inventory:

Hand Weapons
 a - a +0 shortbow (weapon)
Missiles
 m - 5 curare-tipped darts
 r - 14 poisoned darts
 z - a throwing net
Armour
 c - a +0 leather armour
 g - a +0 ring mail
 k - a +0 chain mail (worn)
 x - a +1 helmet (worn)
Jewellery
 f - a ring of ice
 o - a +6 ring of strength (left hand)
Wands
 t - a wand of iceblast (7)
Scrolls
 b - 2 scrolls of immolation
 j - 2 scrolls of amnesia {unknown}
 n - a scroll of noise {unknown}
 p - a scroll of brand weapon {unknown}
 q - a scroll of identify {unknown}
 s - 2 scrolls of teleportation {unknown}
 u - 2 scrolls of poison {unknown}
 v - a scroll of vulnerability {unknown}
 y - 2 scrolls of enchant weapon {unknown}
 A - a scroll of blinking {unknown}
Potions
 d - 2 potions of brilliance {unknown}
 e - a potion of lignification {unknown}
 h - a potion of berserk rage {unknown}
 i - 2 potions of curing
 l - 2 potions of mutation {unknown}
 w - a potion of degeneration {unknown}
 B - a potion of flight {unknown}


   Skills:
 + Level 3.6 Fighting
 * Level 5.3 Ranged Weapons
 + Level 3.3 Dodging
 + Level 2.3 Stealth
 + Level 1.0 Spellcasting
 * Level 2.2 Translocations
 - Level 0.1 Evocations


You had 5 spell levels left.
You knew the following spells:

 Your Spells              Type           Power      Damage    Failure   Level
a - Blink                 Tloc           8%         N/A       98%         2

Your spell library contained the following spells:

 Spells                   Type           Power      Damage    Failure   Level
 Sting                    Tmut/Pois      0%         1d3       99%         1
 Poisonous Vapours        Pois/Air       0%         N/A       100%        2
 Olgreb's Toxic Radiance  Pois           0%         N/A       100%        4
 Manifold Assault         Tloc           4%         N/A       100%        5
 Storm Form               Tmut/Air       0%         N/A       100%        7


Dungeon Overview and Level Annotations

Branches:
Dungeon (5/15)
 Temple: D:4-7

Altars:
Xom

Shops:
D:2 !


Innate Abilities, Weirdness & Mutations

You are amphibious.
You cover ground slowly.
You can hop short distances.
You have an extended range of vision and can be seen from far away.


Message History

Hop to where?
Press: ? - help, Dir - move target Boing!
There is a stone staircase leading up here.
You start resting.
HP restored.
The ogre shouts!
You shoot an arrow. The arrow hits the ogre.
The ogre is lightly wounded.
The ogre hits you with a +0 giant spiked club!
You shoot an arrow. The arrow hits the ogre.
The ogre is lightly wounded.
The ogre hits you with a +0 giant spiked club!
You shoot an arrow.
The arrow hits the ogre but does no damage.
The ogre is lightly wounded.
The ogre hits you with a +0 giant spiked club!!
* * * LOW HITPOINT WARNING * * *
You are too injured to fight recklessly!
You are too injured to fight recklessly!
Fire: a) +0 shortbow
Press: ? - help, Q - select action, (/) - cycle Shift-Dir - straight line, f/p - ogre
Aim: an ogre, wielding a +0 giant spiked club (lightly wounded, 77% to hit)
You shoot an arrow. The arrow hits the ogre.
The ogre is moderately wounded.
The ogre closely misses you.
Fire: a) +0 shortbow
Press: ? - help, Q - select action, (/) - cycle Shift-Dir - straight line, f/p - ogre
Aim: an ogre, wielding a +0 giant spiked club (moderately wounded, 77% to hit)
You shoot an arrow. The arrow hits the ogre!
The ogre is severely wounded.
The ogre hits you with a +0 giant spiked club.
* * * LOW HITPOINT WARNING * * *
Fire: a) +0 shortbow
Press: ? - help, Q - select action, (/) - cycle Shift-Dir - straight line, f/p - ogre
Aim: an ogre, wielding a +0 giant spiked club (severely wounded, 77% to hit)
You shoot an arrow. The arrow barely misses the ogre.
You are ready to hop once more.
The ogre hits you with a +0 giant spiked club!
You die...

#......#
#.####.# .#
#.# #.# .#
#.# #.# .#
#.####.# .#
#......####.#
#####....<#.#
#.#####.#
#@#####O#
#.O.....#
#########


You could see an ogre.

Vanquished Creatures
  A phantom (D:4)
  A scorpion (D:4)
  An iguana (D:5)
  4 adders
  A worm (D:3)
  3 dart slugs
  4 orcs
  3 bats
  7 endoplasms
  6 giant cockroaches
  7 goblins
  3 hobgoblins
  4 jackals (D:1)
  8 kobolds
  A quokka (D:3)
  3 ball pythons
  5 frilled lizards
  5 rats
67 creatures vanquished.

Notes
Turn   | Place    | Note
-------+----------+-------------------------------------------
     0 | D:1      | LustLizard the Barachi Hunter began the quest for the Orb.
     0 | D:1      | Reached XP level 1. HP: 17/17 MP: 1/1
    26 | D:1      | Reached skill level 1 in Stealth
    54 | D:1      | Reached XP level 2. HP: 16/23 MP: 2/2
   859 | D:1      | Found a faded altar of an unknown god.
  1030 | D:1      | Reached XP level 3. HP: 28/28 MP: 3/3
  1562 | D:2      | Found Icounel's Distillery.
  1571 | D:2      | Reached XP level 4. HP: 34/35 MP: 4/4
  1572 | D:2      | Bought a potion of curing for 42 gold pieces
  1666 | D:2      | Learned a level 2 spell: Blink
  1933 | D:3      | Found a shimmering altar of Xom.
  3094 | D:4      | Noticed a scorpion
  3272 | D:4      | Noticed a phantom
  3296 | D:4      | Killed a phantom
  3297 | D:4      | Reached skill level 5 in Ranged Weapons
  3297 | D:4      | Reached skill level 1 in Translocations
  3297 | D:4      | Reached XP level 5. HP: 24/41 MP: 5/5
  3304 | D:4      | Reached XP level 6. HP: 19/47 MP: 5/7
  3661 | D:4      | Reached skill level 1 in Spellcasting
  3886 | D:5      | Entered Level 5 of the Dungeon
  3886 | D:5      | Noticed a wraith
  4086 | D:5      | HP: 2/47 [ogre/+0 giant spiked club (5)]
  4087 | D:5      | Demolished by an ogre

Illustrated notes

Levels and vault maps discovered:
D:1:      lemuel_arrival_broad_hall, layout_basic,
          hellmonk_ecumenical_altar_arch_garden, minmay_bisected
D:2:      layout_basic, serial_shops, nicolae_shop_trees
D:3:      layout_basic, xom_teletrap_fun
D:4:      layout_cave_pools
D:5:      layout_basic, mainiacjoe_overflow_catch_the_wave,
          minmay_temple_entry_stoned_glass, grunt_ministairs_10,
          small_statue_alley_b

Skill      XL: |  1  2  3  4  5  6 |
---------------+-------------------+-----
Stealth        | 1 2 |  2.3
Fighting       | 3 |  3.6
Dodging        | 3 |  3.3
Ranged Weapons | 5 |  5.3
Translocations | 1 2 |  2.2
Spellcasting   | 1 |  1.0
Evocations     | |  0.1

Action                   |  1- 3 |  4- 6 || total
-------------------------+-------+-------++-------
 Fire: Shortbow          |   100 |   121 ||   221
 Abil: Hop               |       |     6 ||     6
  Use: Potion            |       |     1 ||     1
Armor: Leather armour    |     1 |       ||     1
       Ring mail         |     5 |       ||     5
       Chain mail        |     7 |    53 ||    60
Dodge: Dodged            |    27 |    56 ||    83
